 Dungeon Crawl Stone Soup version 0.25.0-26-g0c896c7088 (webtiles) character file.

Game seed: 16081503719879190295

5778 Dirian the Cleaver (level 10, -9/86 HPs)
             Began as a Minotaur Fighter on July 3, 2020.
             Was an Initiate of Makhleb.
             Mangled by a two-headed ogre
             ... wielding a cursed -3 giant club
              (14 damage)
             ... on level 9 of the Dungeon.
             The game lasted 00:14:12 (10123 turns).

Dirian the Cleaver (Minotaur Fighter)              Turns: 10123, Time: 00:14:13

Health: -9/86      AC: 14    Str: 25    XL:     10   Next: 50%
Magic:  12/12      EV:  7    Int:  7    God:    Makhleb [......]
Gold:   517        SH: 11    Dex: 13    Spells: 9/9 levels left

rFire    . . .     SeeInvis .   a - +0 war axe
rCold    + . .     Gourm    .   c - +0 kite shield
rNeg     . . .     Faith    .   j - +0 chain mail
rPois    +         Spirit   .   (helmet restricted)
rElec    .         Reflect  .   m - +0 cloak
rCorr    .         Harm     .   s - +0 pair of gloves
MR       .....                  p - +0 pair of boots
Stlth    ..........             (no amulet)
HPRegen  0.24/turn              v - ring of poison resistance
MPRegen  0.13/turn              n - ring of protection from cold

@: lightly drained
A: retaliatory headbutt, horns 2, thin skeletal structure 1, agile 1, clever 1
a: Renounce Religion


You were on level 9 of the Dungeon.
You worshipped Makhleb.
Makhleb was noncommittal.
You were not hungry.

You visited 2 branches of the dungeon, and saw 10 of its levels.
You also visited: Sewer.

You collected 517 gold pieces.

Inventory:

Hand Weapons
 a - a +0 war axe (weapon)
 g - a +0 war axe
 C - a +1 whip of flaming
Armour
 c - a +0 kite shield (worn)
 j - a +0 chain mail (worn)
 k - a +0 tower shield
 m - a +0 cloak (worn)
 p - a +0 pair of boots (worn)
 s - a +0 pair of gloves (worn)
 y - a +0 plate armour
Jewellery
 n - a ring of protection from cold (right hand)
 v - a ring of poison resistance (left hand)
Wands
 l - a wand of disintegration (14)
 u - a wand of clouds (2)
 A - a wand of polymorph (11)
 B - a wand of iceblast (10)
Scrolls
 o - a scroll of magic mapping
 r - a scroll of identify
 t - 5 scrolls of teleportation
 x - a scroll of remove curse
 z - a scroll of blinking
Potions
 b - a potion of lignification
 d - a potion of might
 h - 2 potions of haste
 i - 2 potions of flight
 q - 3 potions of curing
 w - a potion of heal wounds
Comestibles
 e - 18 rations
 f - 2 chunks of flesh


   Skills:
 + Level 7.0(6.6) Fighting
 + Level 13.6(13.2) Axes
 + Level 8.3(8.0) Armour
 + Level 7.7(7.3) Shields
 * Level 4.0(3.7) Invocations


You had 9 spell levels left.
You didn't know any spells.
Your spell library was empty.

Dungeon Overview and Level Annotations

Branches:
Dungeon (9/15)             Temple (1/1) D:5           Sewer (visited)
   Lair: D:8-11         Orc: D:9-12

Altars:
Ashenzari
Cheibriados
Dithmenos
Fedhas
Gozag
Hepliaklqana
Kikubaaqudgha
Makhleb
Nemelex Xobeh
Okawaru
Qazlal
Ru
Sif Muna
Trog
Uskayaw
Vehumet
Wu Jian
Xom
Zin
The Shining One


Innate Abilities, Weirdness & Mutations

You reflexively headbutt those who attack you in melee.
You have a pair of horns on your head.
You have a somewhat thin skeletal structure. (Dex +2, Stealth)
You are agile. (Dex +2)
Your mind is acute. (Int +2)


Message History

You headbutt the two-headed ogre, but do no damage.
The two-headed ogre is moderately wounded.
You block the two-headed ogre's attack. x2
You hit the two-headed ogre.
The two-headed ogre is moderately wounded.
The two-headed ogre hits you with a cursed -3 giant club!
You block the two-headed ogre's attack.
You slash the two-headed ogre!
You headbutt the two-headed ogre, but do no damage.
The two-headed ogre is heavily wounded.
You closely miss the two-headed ogre. You headbutt the two-headed ogre!
The two-headed ogre is severely wounded.
The two-headed ogre hits you with a cursed -3 giant club!
* * * LOW HITPOINT WARNING * * *
The two-headed ogre hits you with a +0 dire flail!
* * * LOW HITPOINT WARNING * * *
You barely miss the two-headed ogre. You headbutt the two-headed ogre!
The two-headed ogre is almost dead.
The two-headed ogre hits you with a cursed -3 giant club!
You die...

#..# #.......
#..######
#......#######
)........
....$.........
#..###### .
......?...
#..#
#F#.......#
#..#
#$#O......#
#..#
#......:..#
#..######
#####.##.####
.........
#..@OJ.# #
...#.....
##.##..#
...+.....
#......# ####
.... #..##.##
.... #......#
... #รท######
#.# #.# #.#


You could see a two-headed ogre and a jelly.

Vanquished Creatures
  Pikel (D:4)
  A deep elf mage (D:8)
  A troll (D:9)
  A hippogriff (D:8)
  2 hogs (D:7)
  2 yaks (D:7)
  A human (D:7)
  A wyvern (D:8)
  Menkaure (D:4)
  A water moccasin (D:8)
  4 orc warriors
  A black bear (D:7)
  A sky beast (D:6)
  A phantom (D:5)
  3 ogres
  A slave (D:4)
  2 big kobolds (Sewer)
  6 bullfrogs
  A gnoll sergeant (D:8)
  4 scorpions
  6 killer bees (D:8)
  10 wights
  A howler monkey (D:6)
  A centaur zombie (D:7)
  A bullfrog zombie (D:5)
  5 hounds
  A bullfrog skeleton (D:9)
  An orc priest (D:8)
  Crazy Yiuf (D:4)
  3 jellies (D:5)
  5 orc wizards
  An iguana (D:7)
  9 worker ants
  A killer bee zombie (D:7)
  2 howler monkey skeletons
  14 adders
  5 gnolls (D:8)
  2 river rats
  A shadow imp (D:5)
  4 oozes (Sewer)
  3 adder zombies
  An adder skeleton (D:7)
  4 worms
  2 dart slugs
  7 leopard geckos
  12 orcs
  6 ball pythons
  11 giant cockroaches
  4 hobgoblins
  3 jackals (D:1)
  6 quokkas
  6 bats
  2 frilled lizards (D:1)
  3 goblins
  7 kobolds
  A leopard gecko skeleton (D:6)
  18 rats
206 creatures vanquished.

Vanquished Creatures (others)
  6 toadstools (D:1)
6 creatures vanquished.

Grand Total: 212 creatures vanquished

Notes
Turn   | Place    | Note
-------+----------+-------------------------------------------
     0 | D:1      | Dirian the Minotaur Fighter began the quest for the Orb.
     0 | D:1      | Reached XP level 1. HP: 19/19 MP: 0/0
   400 | D:1      | Reached XP level 2. HP: 27/27 MP: 1/1
   533 | D:1      | Reached skill level 3 in Axes
  1160 | D:2      | Reached XP level 3. HP: 33/33 MP: 2/2
  1605 | D:3      | Reached skill level 4 in Axes
  1643 | D:3      | Reached XP level 4. HP: 40/40 MP: 3/3
  2103 | D:4      | Noticed Menkaure
  2108 | D:4      | Killed Menkaure
  2108 | D:4      | Reached skill level 5 in Axes
  2108 | D:4      | Reached XP level 5. HP: 16/47 MP: 4/4
  2112 | D:4      | Reached skill level 6 in Axes
  2112 | D:4      | Reached XP level 6. HP: 15/53 MP: 5/5
  2850 | D:4      | Noticed a slave
  2858 | D:4      | Noticed Pikel
  2860 | D:4      | Noticed a slave
  2861 | D:4      | Noticed a slave
  2862 | D:4      | Killed a slave
  2864 | D:4      | Noticed a slave
  2871 | D:4      | Killed Pikel
  2871 | D:4      | Reached skill level 8 in Axes
  2871 | D:4      | Reached skill level 5 in Armour
  2871 | D:4      | Reached skill level 5 in Shields
  2871 | D:4      | Reached XP level 7. HP: 26/60 MP: 6/6
  3318 | D:4      | Found a runed translucent door.
  3319 | D:4      | Noticed Crazy Yiuf
  3522 | D:4      | Reached skill level 5 in Fighting
  3667 | D:4      | Killed Crazy Yiuf
  3735 | D:5      | Entered Level 5 of the Dungeon
  4079 | D:5      | Reached XP level 8. HP: 66/68 MP: 7/7
  4115 | D:5      | Found a staircase to the Ecumenical Temple.
  4122 | D:5      | Reached skill level 9 in Axes
  4164 | Temple   | Entered the Ecumenical Temple
  4728 | D:5      | Found an ancient bone altar of Kikubaaqudgha.
  5256 | D:6      | Reached skill level 10 in Axes
  5353 | D:6      | Gained mutation: You have a somewhat thin skeletal
                  | structure. (Dex +2, Stealth) [potion of mutation]
  5353 | D:6      | Gained mutation: Your mind is acute. (Int +2) [potion of
                  | mutation]
  5353 | D:6      | Gained mutation: You are agile. (Dex +2) [potion of
                  | mutation]
  5382 | D:6      | Found an ornate altar of the Wu Jian Council.
  5383 | D:6      | Found a sparkling altar of Nemelex Xobeh.
  5384 | D:6      | Found a radiant altar of Vehumet.
  5608 | D:6      | Found a glowing drain.
  5612 | Sewer    | Entered a sewer
  6378 | D:6      | Reached skill level 11 in Axes
  6430 | D:6      | Reached XP level 9. HP: 65/75 MP: 8/8
  7852 | D:7      | Reached skill level 12 in Axes
  8353 | D:8      | Reached skill level 13 in Axes
  8368 | D:8      | Reached XP level 10. HP: 28/84 MP: 9/9
  8878 | D:8      | Found a snail-covered altar of Cheibriados.
  8915 | D:8      | Found an opulent altar of Gozag.
  8916 | D:8      | Found a burning altar of Makhleb.
  8938 | D:8      | Found a bloodstained altar of Trog.
  8949 | D:8      | Became a worshipper of Makhleb the Destroyer
  9008 | D:8      | Reached skill level 1 in Invocations
  9149 | D:8      | Found a hazy altar of Hepliaklqana.
  9149 | D:8      | Noticed a deep elf mage
  9166 | D:8      | Killed a deep elf mage
  9737 | D:9      | Noticed a two-headed ogre
 10123 | D:9      | Mangled by a two-headed ogre

Illustrated notes

Levels and vault maps discovered:
D:1:      lemuel_arrival_muddy, layout_basic, nrook_loot_triangle,
          minmay_gold_behind_fungi, roderic_roman_lattice
D:2:      layout_rooms, first_ration
D:3:      layout_rooms
D:4:      layout_loops_corners, uniq_menkaure, uniq_crazy_yiuf_cottage,
          uniq_pikel
D:5:      layout_layer_cave, kiku_gazebo_garden_becter,
          minmay_temple_entry_water_ring
D:6:      layout_basic, gammafunk_temple_overflow_statue, basic_altar,
          gup_sewer_entry_spiral, corexii_corridor_pit
D:7:      layout_loops_ring, grunt_livestock
D:8:      layout_basic, nicolae_overflow_quartered_altars,
          david_defended_altar_elf
D:9:      layout_basic, kennysheep_ying_yang
Temple:   nicolae_temple_figure_eight

Skill      XL: |  1  2  3  4  5  6  7  8  9 10 |
---------------+-------------------------------+-----
Axes           | 3 4 5 6 8 11 13 | 13.6
Armour         | 4 5 6 7 8 |  8.3
Shields        | 4 5 6 7 |  7.7
Fighting       | 4 5 6 7 |  7.0
Invocations    | 4 |  4.0

Action                   |  1- 3 |  4- 6 |  7- 9 | 10-12 || total
-------------------------+-------+-------+-------+-------++-------
Melee: War axe           |    95 |    60 |   398 |   140 ||   693
       Headbutt          |     9 |     7 |    80 |    31 ||   127
Evoke: Wand              |       |       |       |     4 ||     4
  Use: Scroll            |       |     5 |    10 |     1 ||    16
       Potion            |       |     1 |     4 |       ||     5
 Stab: Confused          |       |       |       |     1 ||     1
  Eat: Chunk             |     2 |     4 |    15 |     3 ||    24
       Ration            |       |       |     1 |     1 ||     2
Armor: Scale mail        |    53 |     4 |       |       ||    57
       Chain mail        |       |    11 |   149 |    43 ||   203
Dodge: Dodged            |    27 |    10 |    62 |    32 ||   131
Block: Kite shield       |    62 |    21 |   184 |    83 ||   350
